Map: Crimson Court LE

Players

DrZero - Winner!

  • Race: Terran Terran
  • League: Silver
  • Spawn Location: 1:00

DaWeakWan

  • Race: Protoss Protoss
  • League: Platinum
  • Spawn Location: 7:00

VOD

Have the link to the VOD?

Description

Time

  • Played on: April 27, 2024, 7:42 a.m.
  • Length: 7:53
Show
View Real Time Build Order
Export as new Build Order

DrZero Terran - Winner!

Build Orders: Gas First Reaper Expand 

Get SALT Encoding   

  12  0:01  SCV  
  13  0:16  SCV  
  13  0:19  Supply Depot  
  14  0:27  Refinery  
  14  0:28  SCV  
  15  0:43  Barracks  
  15  0:47  SCV  
  16  0:59  SCV  
  17  1:11  SCV  
  18  1:24  SCV  
  19  1:31  Supply Depot  
  19  1:33  Reaper  
  19  1:36  Orbital Command  
  20  1:55  Barracks  
  20  2:16  Command Center  
  20  2:26  Refinery  
  20  2:29  Factory  
  20  2:30  Barracks Tech Lab  
  20  3:00  Barracks Reactor  
  20  3:01  Stimpack  
  20  3:02  Marine  
  21  3:14  Factory Tech Lab  
  21  3:19  Marine  
  22  3:30  Supply Depot  
  22  3:38  Marauder, Marine x2  
  25  3:52  Siege Tank  
  28  3:56  Orbital Command  
  28  3:59  SCV  
  29  4:03  Supply Depot  
  29  4:04  Marine x2  
  29  4:05  Marauder  
  33  4:11  SCV  
  34  4:22  Marine x2  
  34  4:23  SCV  
  37  4:26  Marauder  
  39  4:41  Concussive Shells  
  39  4:44  Siege Tank  
  42  4:58  Starport  
  38  5:30  Marine x2  
  38  5:33  Marauder  
  42  5:40  Medivac  
  44  5:47  Marine  
  44  5:48  Marine  
  46  5:54  Marauder  
  48  6:05  Marine x2  
  50  6:15  Marauder  
  50  6:36  Siege Tank, Medivac  
  50  6:37  Marauder  
  57  6:51  Marine x2  
  59  6:58  Marauder  
  61  7:09  Marine, Refinery  
  61  7:14  Refinery  
  62  7:26  Marine  
  62  7:29  Marine  
  62  7:30  Marauder  
Show
View Real Time Build Order
Export as new Build Order

DaWeakWan Protoss 

Build Orders: 1 Gate Expand 

Get SALT Encoding   

  12  0:00  Probe  
  13  0:12  Probe  
  14  0:19  Pylon  
  14  0:25  Probe  
  15  0:43  Gateway  
  15  0:50  Probe (Chrono Boost)  
  15  0:55  Assimilator  
  16  1:00  Probe (Chrono Boost)  
  17  1:05  Probe (Chrono Boost)  
  18  1:27  Nexus  
  18  1:40  Cybernetics Core  
  18  1:45  Probe (Chrono Boost)  
  20  1:54  Assimilator, Probe (Chrono Boost)  
  20  1:59  Probe (Chrono Boost)  
  20  2:05  Pylon  
  21  2:14  Probe  
  21  2:22  Stalker (Chrono Boost)  
  21  2:27  Warp Gate, Probe  
  24  2:39  Probe  
  24  2:57  Stalker (Chrono Boost)  
  26  3:14  Robotics Facility  
  26  3:17  Probe x2  
  26  3:19  Assimilator  
  28  3:38  Twilight Council  
  28  3:51  Probe x2  
  30  3:57  Gateway  
  30  4:03  Gateway, Probe  
  30  4:04  Gateway  
  30  4:08  Pylon  
  30  4:09  Probe  
  32  4:11  Blink  
  32  4:15  Probe  
  33  4:19  Pylon, Stalker  
  35  4:29  Observer (Chrono Boost)  
  36  4:33  Probe x2  
  38  4:43  Shield Battery  
  38  4:45  Probe x2  
  39  4:49  Shield Battery  
  39  4:52  Gateway  
  40  4:56  Stalker  
  40  4:57  Probe  
  40  4:59  Sentry  
  45  5:01  Probe  
  46  5:09  Probe  
  43  5:21  Zealot x2  
  45  5:30  Stalker  
  47  5:54  Pylon  
  47  5:56  Pylon  
  47  6:20  Sentry x3  
  53  6:37  Stalker  
  55  6:56  Gateway  
  55  6:57  Gateway  
  55  7:02  Gateway  
  55  7:03  Gateway  
  55  7:05  Pylon  
  55  7:06  Pylon  
  55  7:29  Stalker x3  
Tags
 
Add a new tag
Caveats
  • Supply blocks, unpowered buildings, or Contaminate may cause inaccurate times.
  • Supply counts are checked every 10 seconds.